cohdb
Replays
Latest Replays
All Replays
Popular Replays
Top Player Replays
Match Explorer
How It Works
Community
CoH3 Stats
Reddit
Sign in to upload your games and track your stats! →
Sign in with Steam
Match 41258877
Unlisted
Match 41258877
Overview
Messages
Build Orders
End
Kradschützen Motorcycle Team
Panzergrenadier Squad
Panzergrenadier Squad
Panzergrenadier Squad
Construct Light Support Kompanie
2.5-tonne Medical Truck
Panzerpioneer Squad
Construct Mechanized Kompanie
8 Rad Armored Car
Selects Armored Support Battlegroup
Selects Superior Fire Drills
Marder III Tank Destroyer
Tungsten Core Ammunition
Kaisor
WadoVice
0
0
Comments
sign in to comment!
No comments posted yet!